 Dungeon Crawl Stone Soup version 0.24-a0-789-g35933f4585 (webtiles) character file.

Game seed: 11603605933332489516, levelgen mode: deterministic

489 Kohma the Caller (level 7, 0/46 HPs)
             Began as a Merfolk Summoner on Oct 10, 2019.
             Slain by a centaur (6 damage)
             ... on level 5 of the Dungeon.
             The game lasted 00:14:33 (5198 turns).

Kohma the Caller (Merfolk Summoner)                 Turns: 5198, Time: 00:14:33

Health: 0/46       AC:  5    Str:  9    XL:     7   Next: 14%
Magic:  9/13       EV: 11    Int: 16    God:
Gold:   285        SH:  0    Dex: 14    Spells: 9/14 levels left

rFire    . . .     SeeInvis .   d - +1 spear
rCold    . . .     Gourm    .   (no shield)
rNeg     . . .     Faith    .   u - +0 ring mail
rPois    .         Spirit   .   (no helmet)
rElec    .         Reflect  .   (no cloak)
rCorr    .         Harm     .   (no gloves)
MR       .....                  (no boots)
Stlth    +.........             i - amulet of the acrobat
HPRegen  0.15/turn              (no ring)
MPRegen  0.13/turn              (no ring)

@: no status effects
A: change form in water, swift swim, stealthy swim
a: no special abilities


You were on level 5 of the Dungeon.
You were not hungry.

You visited 1 branch of the dungeon, and saw 5 of its levels.

You collected 285 gold pieces.

Inventory:

Hand Weapons
 d - a +1 spear (weapon)
Missiles
 j - 19 poisoned darts (quivered)
 s - 2 javelins
Armour
 u - a +0 ring mail (worn)
Jewellery
 i - an amulet of the acrobat (around neck)
 p - an uncursed amulet of harm {unknown}
Wands
 g - a wand of enslavement (7)
Scrolls
 b - 3 scrolls of amnesia
 l - 2 scrolls of teleportation
 q - 2 scrolls of enchant weapon
 t - 2 scrolls of remove curse
 v - a scroll of enchant armour {unknown}
 w - a scroll of identify
Potions
 a - 2 potions of heal wounds
 e - a potion of resistance
 f - a potion of haste
 h - 3 potions of lignification
 k - a potion of berserk rage
 m - a potion of mutation
 n - 3 potions of curing
 r - 2 potions of agility
Comestibles
 c - 6 rations


   Skills:
 - Level 2.6 Dodging
 - Level 2.1 Stealth
 + Level 4.2 Spellcasting
 * Level 7.2 Summonings


You had 9 spell levels left.
You knew the following spells:

 Your Spells              Type           Power        Failure   Level  Hunger
b - Call Imp              Summ           ####....     3%          2    ##.....
c - Call Canine Familiar  Summ           ####....     7%          3    ###....

Your spell library contained the following spells:

 Spells                   Type           Power        Failure   Level  Hunger
 Summon Small Mammal      Summ           ####         2%          1    None
 Summon Guardian Golem    Hex/Summ       ##......     30%         3    ###....
 Summon Ice Beast         Ice/Summ       ##......     71%         4    ####...
 Summon Lightning Spire   Summ/Air       ##......     71%         4    ####...


Dungeon Overview and Level Annotations

Branches:
Dungeon (5/15)
 Temple: D:4-7

Altars:
Makhleb
Trog
Vehumet
Wu Jian


Message History

Your hound dies!
Your hound's corpse disappears in a puff of smoke!
Your crimson imp hits the centaur.
The centaur shoots an arrow.
The arrow hits you!
* * * LOW HITPOINT WARNING * * *
Your crimson imp hits the centaur.
Your crimson imp hits the centaur.
You hit the centaur but do no damage.
The centaur is heavily wounded.
The centaur unwields a +0 shortbow.
The centaur hits you but does no damage.
Your crimson imp hits the centaur but does no damage.
The centaur barely misses your crimson imp.
You hit the centaur.
The centaur is severely wounded.
The centaur hits you.
* * * LOW HITPOINT WARNING * * *
Your crimson imp blinks!
The centaur hits you.
You die...

.....#...# ##.#......#
#..#......#
##.....(...##
#...........#
##.....(......
##.............
..##(@((.......
....###c§.......
......(.........
##......c..........
#..................
#.................
..###............5....
#........>.............
#..........##..........


You could see a centaur and a friendly crimson imp.

Vanquished Creatures
  An eye of draining (D:3)
  A phantom (D:4)
  2 bullfrog skeletons (D:4)
  A centaur skeleton (D:4)
  A worker ant (D:5)
  3 adders
  3 orcs (D:4)
  3 giant cockroaches
  4 goblins
  3 hobgoblins
  4 jackals
  2 kobolds
  2 quokkas
  2 bats (D:2)
  7 frilled lizards
  8 rats
47 creatures vanquished.

Vanquished Creatures (collateral kills)
  An ogre (D:4)
  An eye of draining (D:3)
  2 orc priests (D:4)
  A hound skeleton (D:4)
  6 adders
  An ooze (D:3)
  2 worms (D:4)
  2 dart slugs
  6 leopard geckos
  4 orcs (D:4)
  4 bats
  2 giant cockroaches
  6 goblins
  3 hobgoblins (D:1)
  7 jackals
  11 kobolds
  A quokka (D:2)
  3 frilled lizards
  4 rats
67 creatures vanquished.

Grand Total: 114 creatures vanquished

Notes
Turn   | Place    | Note
-------+----------+-------------------------------------------
     0 | D:1      | Kohma the Merfolk Summoner began the quest for the Orb.
     0 | D:1      | Reached XP level 1. HP: 13/13 MP: 3/3
   241 | D:1      | Reached XP level 2. HP: 9/19 MP: 1/5
   637 | D:1      | Learned a level 2 spell: Call Imp
   783 | D:1      | Reached XP level 3. HP: 6/24 MP: 1/6
  1570 | D:2      | Learned a level 3 spell: Call Canine Familiar
  1793 | D:2      | Reached skill level 5 in Summonings
  2102 | D:2      | Reached XP level 4. HP: 29/30 MP: 2/7
  3075 | D:3      | Found a radiant altar of Vehumet.
  3521 | D:3      | Noticed an eye of draining
  3522 | D:3      | Found a bloodstained altar of Trog.
  3522 | D:3      | Noticed an eye of draining
  3533 | D:3      | Killed an eye of draining
  3533 | D:3      | Reached XP level 5. HP: 35/35 MP: 0/9
  3556 | D:3      | Killed an eye of draining
  3556 | D:3      | Reached skill level 6 in Summonings
  3888 | D:4      | Reached XP level 6. HP: 29/41 MP: 11/11
  3891 | D:4      | Found an ornate altar of the Wu Jian Council.
  3892 | D:4      | Found a burning altar of Makhleb.
  3910 | D:4      | Noticed a phantom
  3969 | D:4      | Killed a phantom
  4634 | D:4      | Reached skill level 7 in Summonings
  4634 | D:4      | Reached XP level 7. HP: 35/46 MP: 0/13
  5058 | D:5      | Entered Level 5 of the Dungeon
  5198 | D:5      | Slain by a centaur

Levels and vault maps discovered:
D:1:      dpeg_arrival_water_fire, layout_basic
D:2:      layout_loops_ring, lexackson_kobold_supper
D:3:      layout_basic, vehumet_crystals, first_ration, trog_eyes_of_draining
D:4:      layout_basic, grunt_temple_overflow_open
D:5:      layout_cave_pools, chequers_temple_overflow_statue_of_worship,
          slow_altar_2, basic_altar

Skill      XL: |  1  2  3  4  5  6 |
---------------+-------------------+-----
Summonings     | 5 6 7 |  7.2
Spellcasting   | 3 4 |  4.2
Dodging        | |  2.6
Stealth        | |  2.1

Action                   |  1- 3 |  4- 6 |  7- 9 || total
-------------------------+-------+-------+-------++-------
Melee: Unarmed           |    20 |       |       ||    20
       Spear             |    75 |   189 |    24 ||   288
 Cast: Summon Small Mamm |    14 |       |       ||    14
       Call Imp          |    11 |    27 |     6 ||    44
       Call Canine Famil |     2 |     6 |     5 ||    13
  Use: Potion            |     1 |     2 |       ||     3
       Scroll            |       |    13 |       ||    13
 Stab: Sleeping          |     3 |     2 |       ||     5
       Distracted        |       |     3 |     1 ||     4
  Eat: Chunk             |     1 |    10 |     3 ||    14
       Ration            |     1 |       |       ||     1
Armor: Leather armour    |    33 |    14 |       ||    47
       Robe              |     1 |       |       ||     1
       Ring mail         |       |    24 |     6 ||    30
Dodge: Dodged            |    96 |   102 |    19 ||   217

Table legend:
 A = Non-vault XP
 B = Vault XP
 C = Vault XP percentage of total XP
 D = Non-vault monster count
 E = Vault monster count
 F = Vault count percentage of total count
                 A         B        C        D         E       F
            +---------+---------+-------+---------+---------+-------
      Total |     536 |     163 |  23.3 |     105 |       9 |   7.9
            +---------+---------+-------+---------+---------+-------
        D:1 |      39 |       0 |   0.0 |      30 |       0 |   0.0
        D:2 |      68 |       6 |   8.1 |      30 |       5 |  14.3
        D:3 |      40 |     157 |  79.7 |      18 |       4 |  18.2
        D:4 |     349 |       0 |   0.0 |      24 |       0 |   0.0
        D:5 |      40 |       0 |   0.0 |       3 |       0 |   0.0
            +---------+---------+-------+---------+---------+-------
